Map: Incorporeal LE

Players

ShoWTimE - Winner!

  • Race: Protoss Protoss
  • League: Grandmaster
  • Spawn Location: 11:00

LunaSea

  • Race: Protoss Protoss
  • Spawn Location: 5:00

Event: HomeStory Cup XXVII

VOD

Have the link to the VOD?

Description

Time

  • Played on: June 27, 2025, 10:49 a.m.
  • Length: 9:40

All games in this series

Show
View Real Time Build Order
Export as new Build Order

ShoWTimE Protoss - Winner!

Build Orders: Oracle Opening, Blink Stalkers 

Get SALT Encoding   

  12  0:00  Probe  
  13  0:12  Probe  
  14  0:17  Pylon  
  14  0:23  Probe  
  15  0:31  Probe  
  15  0:36  Gateway  
  15  0:39  Probe  
  16  0:45  Assimilator  
  17  0:50  Probe  
  17  0:54  Assimilator  
  18  0:59  Probe  
  19  1:06  Gateway  
  19  1:07  Probe  
  20  1:17  Probe  
  20  1:23  Cybernetics Core  
  21  1:29  Probe  
  22  1:36  Pylon  
  22  1:41  Probe  
  23  1:59  Stargate, Adept  
  23  2:00  Adept  
  27  2:08  Warp Gate  
  27  2:10  Probe  
  27  2:15  Pylon  
  27  2:38  Oracle  
  27  2:40  Nexus  
  30  2:51  Probe  
  30  2:57  Stalker  
  31  3:03  Probe  
  34  3:13  Twilight Council  
  34  3:16  Probe  
  35  3:21  Blink  
  35  3:27  Shield Battery  
  31  3:28  Probe  
  31  3:31  Pylon  
  32  3:40  Probe  
  33  3:52  Probe  
  33  3:53  Probe  
  35  3:55  Stalker  
  35  4:02  Stalker  
  39  4:05  Probe  
  39  4:07  Probe  
  41  4:15  Gateway  
  42  4:17  Probe  
  42  4:19  Probe  
  43  4:27  Stalker  
  43  4:29  Probe  
  46  4:31  Probe  
  46  4:36  Stalker  
  49  4:39  Pylon  
  49  4:41  Probe  
  49  4:43  Probe  
  51  4:53  Stalker  
  51  4:54  Probe  
  51  4:57  Probe  
  51  4:58  Pylon  
  55  5:07  Nexus  
  55  5:10  Stalker  
  57  5:15  Probe x2  
  57  5:18  Shield Battery  
  59  5:22  Stalker  
  59  5:25  Stalker  
  59  5:27  Probe  
  64  5:28  Probe  
  64  5:35  Stalker  
  67  5:39  Forge, Probe  
  67  5:40  Probe  
  69  5:44  Pylon  
  69  5:46  Assimilator  
  69  5:51  Probe  
  69  5:54  Pylon  
  69  5:57  Protoss Ground Weapons Level 1  
  70  6:02  Probe  
  70  6:03  Stalker x3  
  77  6:05  Probe  
  78  6:14  Probe  
  78  6:17  Probe  
  80  6:19  Gateway  
  80  6:26  Stalker x2  
  80  6:28  Stalker  
  80  6:30  Probe x2  
  80  6:31  Probe  
  89  6:42  Probe  
  89  6:45  Gateway x2  
  90  6:50  Gateway, Probe  
  90  6:51  Probe, Assimilator  
  92  6:54  Probe, Stalker  
  92  6:59  Stalker x2  
  99  7:01  Charge  
  99  7:04  Shield Battery  
  99  7:09  Shield Battery  
  99  7:10  Pylon  
  99  7:11  Pylon  
  99  7:14  Shield Battery  
  99  7:15  Pylon  
  99  7:21  Stalker  
  101  7:25  Pylon  
  101  7:27  Pylon  
  99  7:32  Stalker x3  
  105  7:39  Stalker x2  
  107  7:50  Stalker  
  107  7:58  Stalker x3  
  109  8:00  Stalker  
  109  8:07  Zealot x2  
  107  8:16  Stalker  
  107  8:17  Robotics Facility  
  109  8:21  Probe x2  
  109  8:22  Probe  
  109  8:25  Stalker x2  
  116  8:29  Zealot x4  
  124  8:35  Gateway, Pylon  
  124  8:41  Nexus  
  124  8:47  Stalker  
  126  8:50  Photon Cannon  
  126  8:52  Stalker  
  128  8:59  Stalker x2, Zealot  
  134  9:06  Observer  
  132  9:10  Stalker x3  
  139  9:17  Photon Cannon  
  139  9:21  Zealot x2  
  137  9:28  Photon Cannon  
  137  9:29  Zealot x3  
Show
View Real Time Build Order
Export as new Build Order

LunaSea Protoss 

Build Orders: Phoenix Opening 

Get SALT Encoding   

  12  0:00  Probe  
  13  0:12  Probe  
  14  0:17  Pylon  
  14  0:24  Probe  
  15  0:32  Probe  
  15  0:36  Gateway  
  15  0:40  Probe  
  16  0:45  Assimilator  
  17  0:51  Probe  
  17  0:54  Assimilator  
  18  0:59  Probe  
  19  1:06  Gateway  
  19  1:07  Probe  
  19  1:17  Probe  
  20  1:23  Cybernetics Core  
  21  1:29  Probe  
  22  1:34  Pylon  
  22  1:41  Probe  
  23  1:53  Probe  
  24  1:57  Stalker  
  24  2:00  Sentry  
  28  2:02  Warp Gate  
  28  2:11  Pylon  
  28  2:13  Phoenix  
  28  2:20  Stalker  
  28  2:26  Stalker  
  32  2:42  Probe  
  33  2:52  Shield Battery  
  33  2:56  Nexus  
  33  2:58  Stalker  
  33  3:18  Probe  
  32  3:26  Probe  
  31  3:30  Twilight Council  
  32  3:35  Probe  
  33  3:46  Probe  
  34  3:50  Stalker x2  
  38  3:58  Probe  
  38  4:01  Blink  
  39  4:05  Pylon  
  39  4:14  Probe  
  39  4:15  Probe  
  40  4:22  Probe  
  41  4:28  Probe  
  43  4:32  Probe  
  44  4:40  Probe  
  44  4:43  Probe  
  45  4:51  Probe  
  45  4:52  Probe  
  46  4:58  Gateway x2  
  47  5:00  Pylon  
  47  5:01  Phoenix  
  47  5:03  Sentry  
  47  5:04  Sentry  
  51  5:12  Probe, Shield Battery  
  51  5:13  Probe  
  53  5:22  Gateway  
  53  5:31  Gateway, Stalker  
  53  5:35  Sentry  
  57  5:38  Probe x2  
  59  5:50  Probe x2  
  59  5:52  Stalker x2  
  65  6:00  Stalker x2  
  69  6:04  Pylon  
  69  6:07  Pylon  
  69  6:19  Phoenix  
  69  6:25  Stalker x4  
  71  6:28  Sentry  
  79  6:48  Stalker x3  
  79  6:51  Pylon x2  
  85  7:11  Stalker x3  
  85  7:12  Zealot x3  
  83  7:44  Stalker x4  
  85  7:45  Zealot x2  
  71  8:08  Stalker x2  
  71  8:09  Zealot x4  
  65  8:26  Nexus  
  64  8:29  Pylon  
  63  8:36  Zealot x5  
  63  8:37  Zealot  
  75  8:47  Probe x2  
  77  8:59  Gateway  
  77  9:00  Gateway, Zealot  
  75  9:07  Sentry x2  
  64  9:22  Zealot x3  
Tags
 
Add a new tag
Caveats
  • Supply blocks, unpowered buildings, or Contaminate may cause inaccurate times.
  • Supply counts are checked every 10 seconds.